 Dungeon Crawl Stone Soup version 0.27.0-1-g7a089689b8 (webtiles) character file.

Game seed: 1235981720478143918

67 Spaninq the Chopper (level 4, -7/40 HPs)
             Began as a Naga Warper on Aug 12, 2021.
             Was a Follower of Sif Muna.
             Mangled by Natasha (9 damage)
             ... on level 2 of the Dungeon.
             The game lasted 00:05:14 (1696 turns).

Spaninq the Chopper (Naga Warper)                   Turns: 1696, Time: 00:05:15

Health: -7/40      AC:  2    Str: 15    XL:     4   Next: 16%
Magic:  7/7        EV:  9    Int: 13    God:    Sif Muna [*.....]
Gold:   46         SH:  0    Dex: 10    Spells: 5/7 levels left

rFire    . . .     SeeInvis +   a - +0 hand axe
rCold    . . .     Faith    .   (no shield)
rNeg     . . .     Spirit   .   b - +0 leather armour
rPois    +         Reflect  .   (no helmet)
rElec    .         Harm     .   (no cloak)
rCorr    .         Rampage  .   (no gloves)
Will     .....                  (no barding)
Stlth    +.........             (no amulet)
HPRegen  0.13/turn              (no ring)
MPRegen  0.10/turn              (no ring)

@: short of breath, slowed, very slow
A: AC +1, large, see invisible, deformed body, poison resistance, slowness 2,
spit poison 1, naga tail 1
a: Spit Poison, Renounce Religion, Channel Magic


You were on level 2 of the Dungeon.
You worshipped Sif Muna.
Sif Muna was aware of your devotion.
You visited 1 branch of the dungeon, and saw 2 of its levels.

You collected 46 gold pieces.

Inventory:

Hand Weapons
 a - a +0 hand axe (weapon)
Missiles
 d - 5 boomerangs of dispersal (quivered)
 f - 35 sling bullets
Armour
 b - a +0 leather armour (worn)
 i - a +0 plate armour
Scrolls
 c - 2 scrolls of blinking
 e - 3 scrolls of noise {unknown}
 g - 3 scrolls of identify {unknown}
 j - 2 scrolls of enchant weapon {unknown}
 k - a scroll of holy word {unknown}


   Skills:
 + Level 2.9 Fighting
 * Level 3.7 Axes
 - Level 0.8 Throwing
 - Level 0.7 Armour
 - Level 1.5 Dodging
 - Level 2.0 Spellcasting
 - Level 3.0 Translocations


You had 5 spell levels left.
You knew the following spells:

 Your Spells              Type           Power      Damage    Failure   Level
a - Blink                 Tloc           N/A        N/A       14%         2

Your spell library contained the following spells:

 Spells                   Type           Power      Damage    Failure   Level
 Gell's Gravitas          Tloc           4%         N/A       26%         3
 Lesser Beckoning         Tloc           4%         N/A       26%         3
 Teleport Other           Tloc           9%         N/A       26%         3
 Manifold Assault         Tloc           9%         N/A       94%         5


Dungeon Overview and Level Annotations

Branches:
Dungeon (2/15)

Altars:
Sif Muna
The Shining One

Annotations:
D:2 Natasha


Innate Abilities, Weirdness & Mutations

Your serpentine skin is tough. (AC +1)
You have supernaturally acute eyesight. (SInv)
Armour fits poorly on your strangely shaped body.
Your system is resistant to poisons. (rPois)
You cover ground very slowly.
You can spit poison.
You have a snake-like lower body.


Message History

The splash of poison hits the adder!
The adder is poisoned.
The adder is almost dead.
You kill the adder!
Sif Muna accepts your kill.
You have got your breath back.
You now have 46 gold pieces (gained 15).
Found a club.
You see here a +0 club.
Natasha, Servant of Life and Death comes into view.
Natasha howls an incantation.
Natasha shimmers violently.
Press: ? - help, Shift-Dir - straight line, f - Natasha
Aim: Natasha The splash of poison hits Natasha but does no damage.
Natasha is poisoned.
Natasha casts a spell at you. The magic dart hits you!
Natasha drinks a potion.
Natasha seems to grow stronger.
You have got your breath back.
Natasha casts a spell.
Press: ? - help, Shift-Dir - straight line, f/p - Natasha
Aim: Natasha (moderately wounded, strong, poisoned)
You fail to use your ability.
Natasha looks more healthy.
Press: ? - help, Shift-Dir - straight line, f/p - Natasha
Aim: Natasha (moderately wounded, strong)
The splash of poison hits Natasha.
Natasha is severely wounded.
Natasha claws you!
You closely miss Natasha.
Natasha is severely wounded.
Natasha claws you! Natasha casts a spell at you.
You feel yourself slow down.
The shadow imp grins evilly.
Natasha claws you!
* * * LOW HITPOINT WARNING * * *
You closely miss Natasha.
Natasha is severely wounded.
Natasha claws you!
You die...

##### #...#
#.#.########
#.#........####
#######.########....###
#....)#.## #######..##
#.###5#..## #.# ##...
#.# #h##..# #.# ####. .
h.# #.@##.###.#####....
.###
##.....##.##....###
..... ####..##.#).####
#. #.## #..##....# ..
.S.## #.....#..# .#
#g.# #..#..#..#
#.####....#..# #..#
##......#
###.#####...#.#


You could see Natasha (strong) and a shadow imp (summoned).

Vanquished Creatures
  Natasha (D:2)
  2 adders (D:2)
  4 endoplasms
  A giant cockroach (D:1)
  3 hobgoblins
  A quokka (D:1)
  A ball python (D:1)
  5 bats
  A frilled lizard (D:2)
  2 kobolds
  2 rats
23 creatures vanquished.

Vanquished Creatures (others)
  A plant (D:1)
1 creature vanquished.

Grand Total: 24 creatures vanquished

Notes
Turn   | Place    | Note
-------+----------+-------------------------------------------
     0 | D:1      | Spaninq the Naga Warper began the quest for the Orb.
     0 | D:1      | Reached XP level 1. HP: 19/19 MP: 3/3
   214 | D:1      | Reached XP level 2. HP: 26/26 MP: 5/5
   217 | D:1      | Learned a level 2 spell: Blink
   224 | D:1      | Found a faded altar of an unknown god.
   230 | D:1      | Became a worshipper of Sif Muna the Loreminder
   230 | D:1      | Reached * piety under Sif Muna
   978 | D:1      | Found a shimmering blue altar of Sif Muna.
  1012 | D:2      | Found a glowing golden altar of the Shining One.
  1157 | D:2      | Noticed Natasha
  1164 | D:2      | Killed Natasha
  1165 | D:2      | Reached XP level 3. HP: 16/33 MP: 6/6
  1382 | D:2      | HP: 1/33 [poisoned by an adder]
  1636 | D:2      | Reached XP level 4. HP: 39/40 MP: 7/7
  1684 | D:2      | Noticed Natasha
  1695 | D:2      | HP: 2/40 [Natasha (12)]
  1696 | D:2      | Mangled by Natasha

Illustrated notes

Levels and vault maps discovered:
D:1:      dpeg_arrival_lava_altar, layout_basic, chequers_ecumenical_altar_lobes
D:2:      wander_river, layout_rooms, basic_altar, uniq_natasha

Skill      XL: |  1  2 |
---------------+-------+-----
Axes           | 3 |  3.7
Fighting       | |  2.9
Throwing       | |  0.8
Armour         | |  0.7
Dodging        | |  1.5
Spellcasting   | |  2.0
Translocations | |  3.0

Action                   |  1- 3 |  4- 6 || total
-------------------------+-------+-------++-------
Melee: Hand axe          |    35 |     2 ||    37
 Abil: Spit Poison       |    27 |     3 ||    30
  Use: Potion            |     2 |       ||     2
Armor: Leather armour    |     8 |       ||     8
Dodge: Dodged            |    20 |       ||    20
